 Dungeon Crawl Stone Soup version 0.31-a0-277-g31ea1f65cc (webtiles) character file.

Game seed: 10569733516263200838

857 Zonian the Changeling (level 8, -2/55 HPs)
             Began as a Merfolk Shapeshifter on July 15, 2023.
             Was a Believer of Uskayaw.
             Slain by a river rat (6 damage)
             ... summoned by Eustachio
             ... on level 6 of the Dungeon.
             The game lasted 00:09:30 (6780 turns).

Zonian the Changeling (Merfolk Shapeshifter)        Turns: 6780, Time: 00:09:31

Health: -2/55      AC:  6    Str: 17      XL:     8   Next: 2%
Magic:  7/7        EV: 11    Int:  7      God:    Uskayaw [**....]
Gold:   288        SH:  0    Dex: 12 (15) Spells: 5/7 levels left

rFire   + +          .
                       - Unarmed
rCold   x . .        (no shield)
rNeg    + . .        A - +0 scale mail of Distant Shores {Rampage rF+ rN+}
rPois   .            (helmet currently unavailable)
rElec   .            (cloak currently unavailable)
rCorr   .            (gloves currently unavailable)
SInv    .            r - melded +0 pair of boots
Will    .....        (no amulet) Stlth
                     h - ring of wizardry
HPRegen 0.29/turn    s - ring of fire
MPRegen 0.10/turn

%: rampage, wizardry (x1)
@: beast-form, silenced
A: beast (slay +4), (nimble swimmer 2), mertail, horns 1, frail 1, low MP 1
a: Begin Untransformation, Renounce Religion


You were on level 6 of the Dungeon.
You worshipped Uskayaw.
Uskayaw was noncommittal.
You were a hulking beast.
You visited 2 branches of the dungeon, and saw 7 of its levels.

You collected 288 gold pieces.

Inventory:

Missiles
 d - 14 poisoned darts
 j - 2 throwing nets
 k - 5 datura-tipped darts
 z - 2 boomerangs
Armour
 a - a +1 animal skin
 r - a +0 pair of boots (melded)
 A - the +0 scale mail of Distant Shores (worn) {Rampage rF+ rN+}
   (You found it on level 5 of the Dungeon)

   rF:        It protects you from fire.
   rN:        It protects you from negative energy.
   Rampage:   It bestows one free step when moving towards enemies.
Jewellery
 h - a ring of wizardry (left hand)
 s - a ring of fire (right hand)
 w - a ring of flight
 y - a ring of wizardry
Talismans
 c - a beast talisman
Wands
 v - a wand of flame (15)
Scrolls
 f - a scroll of enchant armour
 g - a scroll of amnesia
 u - a scroll of enchant weapon
Potions
 b - a potion of lignification
 e - a potion of might
 i - a potion of brilliance {unknown}
 l - a potion of mutation
 n - a potion of enlightenment {unknown}
 p - a potion of cancellation {unknown}
 t - a potion of ambrosia {unknown}
 x - a potion of degeneration {unknown}


   Skills:
 + Level 5.2 Fighting
 + Level 6.2 Dodging
 + Level 5.2 Unarmed Combat
 + Level 6.2 Shapeshifting


You had 5 spell levels left.
You knew the following spells:

 Your Spells              Type           Power      Damage    Failure   Level
a - Blink                 Tloc           0%         N/A       67%         2

Your spell library contained the following spells:

 Spells                   Type           Power      Damage    Failure   Level
 Lesser Beckoning         Tloc           0%         N/A       67%         2
 Momentum Strike          Conj/Tloc      0%         3d8       67%         2
 Sublimation of Blood     Necr           0%         N/A       67%         2
 Wereblood                Tmut           0%         N/A       67%         2
 Summon Ice Beast         Ice/Summ       0%         N/A       99%         4
 Summon Mana Viper        Hex/Summ       0%         N/A       100%        5
 Monstrous Menagerie      Summ           0%         N/A       100%        7
 Summon Hydra             Summ           0%         N/A       100%        7


Dungeon Overview and Level Annotations

Branches:
Dungeon (6/15)             Temple (1/1) D:5

Altars:
Dithmenos
Elyvilon
Fedhas
Hepliaklqana
Okawaru
Ru
Trog
Uskayaw
Wu Jian
Zin

Annotations:
D:5 exclusion: oklob plant
D:6 Eustachio


Innate Abilities, Weirdness & Mutations

You are a hulking beast.
Your limbs bulge with bestial killing power. (Slay +4)
((You are very nimble when in or above water. (Stealth+, EV+, Speed+++)))
Your lower body shifts to a powerful aquatic tail in water.
You have a pair of small horns on your head.
You are frail. (-10% HP)
Your magical capacity is low. (-10% MP)


Message History

The quasit closely misses you.
Eustachio casts a spell.
Eustachio blinks!
You closely miss the white imp. The rat bites you but does no damage.
The quasit closely misses you.
The quasit claws you but does no damage.
The quasit completely misses you. The river rat closely misses you.
The white imp barely misses you.
The crimson imp hits you but does no damage.
Unknown command.
You completely miss the rat. The quasit barely misses you.
The quasit closely misses you. The quasit claws you.
You feel clumsy. The rat misses you. The river rat closely misses you.
The river rat barely misses you. The white imp gestures at you.
The puff of frost hits you!
You feel a terrible chill! The crimson imp misses you. The quasit bites you.
You feel clumsy. The quasit claws you.
You feel clumsy. The quasit claws you.
You closely miss the rat. The rat bites you but does no damage.
The river rat closely misses you. The river rat bites you!
The white imp shouts, "Go and return not, thou pox-marked motley-minded tinkerer!"
The white imp gestures at you. The puff of frost hits you!
You feel a terrible chill!
* * * LOW HITPOINT WARNING * * *
The crimson imp hits you but does no damage.
The quasit bites you but does no damage.
The quasit barely misses you. The quasit claws you.
* * * LOW HITPOINT WARNING * * *
Unknown command.
Okay, then.
As you read the scroll labelled DYULLIN TIOPT, it crumbles to dust.
A profound silence engulfs you.
It was a scroll of silence.
The rat misses you. The river rat bites you!
* * * LOW HITPOINT WARNING * * *
The river rat bites you.
You die...

##### #..###.. .....#
##.## #.# .....
###.## #.# #....
#...###.)## #.##
..... ###.......##
#รท.# .....
..........# ##..#
....
.........#######...#
..#
....###..r##....#...#
..# ...
#..5h5.######.# ..# .
#..r5r## #.# ..#
....$.....# #.# .##
#......###.# ## .#
##..@.## #.# .#
#....# #.# .# ......
#.. .. ...... .. #..


You could see Eustachio, a quasit (summoned), a crimson imp (summoned,
unsilenced), 2 river rats, a white imp (summoned, unsilenced) and a rat
(summoned).

Vanquished Creatures
  An ogre (D:4)
  2 black bears
  A phantom (D:4)
  A kobold brigand (D:6)
  A bullfrog (D:6)
  A scorpion (D:4)
  2 hounds (D:5)
  A sleepcap (D:5)
  Natasha (twice) (D:4)
  3 gnolls (D:5)
  10 adders
  4 worms
  A dart slug (D:2)
  2 orcs
  3 endoplasms
  A giant cockroach (D:4)
  5 goblins
  5 hobgoblins
  6 jackals
  12 kobolds
  5 quokkas
  5 ball pythons
  2 bats (D:2)
  4 frilled lizards
  4 rats (D:1)
84 creatures vanquished.

Notes
Turn   | Place    | Note
-------+----------+-------------------------------------------
     0 | D:1      | Zonian the Merfolk Shapeshifter began the quest for the
                  | Orb.
     0 | D:1      | Reached XP level 1. HP: 16/16 MP: 1/1
   185 | D:1      | Reached XP level 2. HP: 23/23 MP: 2/2
   825 | D:2      | Reached XP level 3. HP: 27/28 MP: 3/3
  1781 | D:2      | Reached XP level 4. HP: 31/35 MP: 4/4
  2557 | D:3      | Noticed a black bear
  2577 | D:3      | Killed a black bear
  2578 | D:3      | Reached XP level 5. HP: 41/41 MP: 5/5
  3337 | D:4      | Noticed a phantom
  3348 | D:4      | Killed a phantom
  3349 | D:4      | Reached skill level 5 in Shapeshifting
  3349 | D:4      | Reached XP level 6. HP: 23/48 MP: 6/6
  3521 | D:4      | Learned a level 2 spell: Blink
  3561 | D:4      | Gained mutation: Your magical capacity is low. (-10% MP)
                  | [potion of mutation]
  3561 | D:4      | Gained mutation: You have a pair of small horns on your
                  | head. [potion of mutation]
  3561 | D:4      | Gained mutation: You are frail. (-10% HP) [potion of
                  | mutation]
  3561 | D:4      | HP: 1/43 [poisoned by a scorpion]
  4435 | D:4      | Reached skill level 5 in Dodging
  4741 | D:4      | Noticed Natasha
  4747 | D:4      | Killed Natasha
  4748 | D:4      | Reached XP level 7. HP: 32/49 MP: 6/6
  4860 | D:4      | Noticed Natasha
  4863 | D:4      | Killed Natasha
  4884 | D:5      | Entered Level 5 of the Dungeon
  4984 | D:5      | Found a sacrificial altar of Ru.
  5378 | D:5      | Found a staircase to the Ecumenical Temple.
  5402 | Temple   | Entered the Ecumenical Temple
  5409 | Temple   | Became a worshipper of Uskayaw the Reveller
  5429 | D:5      | Reached * piety under Uskayaw
  5510 | D:5      | Found a blossoming altar of Fedhas.
  5527 | D:5      | Noticed an oklob plant
  5796 | D:5      | Reached ** piety under Uskayaw
  5861 | D:5      | Identified the +0 scale mail of Distant Shores {Rampage rF+
                  | rN+}
  5968 | D:5      | Reached *** piety under Uskayaw
  6465 | D:6      | Reached skill level 5 in Fighting
  6490 | D:6      | Reached skill level 5 in Unarmed Combat
  6498 | D:6      | Reached XP level 8. HP: 36/55 MP: 7/7
  6766 | D:6      | Noticed Eustachio
  6780 | D:6      | Slain by a river rat

Illustrated notes

Levels and vault maps discovered:
D:1:      ncdulo_wetmaze, layout_loops_cross
D:2:      layout_basic
D:3:      layout_loops_ring
D:4:      layout_loops_corners, uniq_natasha
D:5:      layout_loops_corners, tgw_fedhas, nicolae_ru_great_annihilating_truth,
          minmay_temple_entry_wispy
D:6:      layout_layer_cave, uniq_eustachio
Temple:   nicolae_temple_bog_church

Skill      XL: |  1  2  3  4  5  6  7 |
---------------+----------------------+-----
Dodging        | 3 4 5 6 |  6.2
Fighting       | 3 4 5 |  5.2
Unarmed Combat | 3 4 5 |  5.2
Shapeshifting  | 5 6 |  6.2

Action                     |  1- 3 |  4- 6 |  7- 9 || total
---------------------------+-------+-------+-------++-------
  Melee: Unarmed           |    88 |    78 |    91 ||   257
         Punch             |     2 |     1 |     2 ||     5
         Headbutt          |       |     6 |    21 ||    27
    Use: Potion            |       |     4 |       ||     4
         Scroll            |       |       |     9 ||     9
   Stab: Sleeping          |     1 |     3 |       ||     4
         Paralysed         |       |       |     4 ||     4
 Armour: Animal skin       |    11 |     7 |     7 ||    25
         Skin              |       |    23 |       ||    23
         Scale mail        |       |       |    25 ||    25
  Dodge: Dodged            |    64 |    36 |    59 ||   159
         Form:             |       |     1 |       ||     1
         Beast             |       |     1 |       ||     1

Table legend: (Time is in decaauts)
 A = Elapsed time spent in this place.
 B = Non-inter-level travel time spent in this place.
 C = Inter-level travel time spent in this place.
 D = Time resting spent in this place.
 E = Time spent auto-exploring this place.
 F = Levels seen in this place.
 G = Mean time per level.
                   A        B        C        D        E       F      G
               +--------+--------+--------+--------+--------+-----+--------+
         Total |   6729 |   6536 |    193 |   2189 |   3609 |   7 |  961.3 |
       Dungeon |   6715 |   6528 |    187 |   2189 |   3609 |   6 | 1119.2 |
        Temple |     14 |      8 |      6 |      0 |      0 |   1 |   14.0 |
               +--------+--------+--------+--------+--------+-----+--------+

Top non-repeatable levels by time:
     D:2: 1625 daAuts
     D:4: 1624 daAuts
     D:5: 1346 daAuts
     D:3: 851 daAuts
     D:1: 759 daAuts
     D:6: 509 daAuts
  Temple: 14 daAuts
